 Dungeon Crawl Stone Soup version 0.32-a0-791-gfc315c9ecd (webtiles) character file.

Game seed: 15623106630535067782

9687 Fodor the Cleaver (level 11, -19/97 HPs)
             Began as a Minotaur Fighter on Mar 20, 2024.
             Was an Initiate of Gozag.
             Demolished by an orc knight
             ... wielding a +0 glaive
              (35 damage)
             ... in a bailey.
             The game lasted 00:35:21 (10823 turns).

Fodor the Cleaver (Minotaur Fighter)               Turns: 10823, Time: 00:35:22

Health: -19/97     AC: 21    Str: 26    XL:     11   Next: 26%
Magic:  10/10      EV:  9    Int:  5    God:    Gozag
Gold:   1362       SH:  0    Dex:  9    Spells: 10/10 levels left

rFire   + . .        G - +1 battleaxe
rCold   x . .        (shield currently unavailable)
rNeg    . . .        z - +4 chain mail
rPois   .            (helmet restricted)
rElec   .            (no cloak)
rCorr   .            (no gloves)
SInv    .            a - +0 pair of boots
Will    .....        (no amulet) Stlth
                     f - ring of fire
HPRegen 0.36/turn    t - +4 ring of protection
MPRegen 0.12/turn

%: no passive effects
@: gold aura
A: horns 2, retaliatory headbutt
a: Renounce Religion, Potion Petition, Call Merchant, Bribe Branch


You were in a bailey.
You worshipped Gozag.
Gozag was most pleased with you.
You visited 2 branches of the dungeon, and saw 11 of its levels.
You also visited: Bailey.

You collected 1664 gold pieces.
You spent 176 gold pieces at shops.
You paid 126 gold pieces to Gozag.

Inventory:

Hand Weapons
 h - a +0 arbalest
 F - a +4 morningstar
 G - a +1 battleaxe (weapon)
Missiles
 i - 5 boomerangs (quivered)
Armour
 a - a +0 pair of boots (worn)
 c - a +0 buckler
 k - a +0 plate armour
 z - a +4 chain mail (worn)
Jewellery
 f - a ring of fire (left hand)
 t - a +4 ring of protection (right hand)
Talismans
 j - a serpent talisman
 H - a blade talisman
Wands
 b - a wand of acid (7)
 A - a wand of polymorph (4)
 C - a wand of flame (28)
Scrolls
 e - a scroll of brand weapon {unknown}
 g - 4 scrolls of fog
 m - 12 scrolls of teleportation
 r - 3 scrolls of noise
 s - a scroll of fear
 x - 2 scrolls of poison
Potions
 d - a potion of curing
 l - a potion of ambrosia
 n - a potion of attraction {unknown}
 o - 4 potions of cancellation
 q - 3 potions of enlightenment
 u - a potion of berserk rage
 v - a potion of invisibility
 w - a potion of brilliance
 B - a potion of mutation {unknown}
 D - a potion of experience
 E - a potion of haste
Miscellaneous
 p - a sack of spiders


   Skills:
 + Level 9.1 Fighting
 + Level 11.4(12.3) Axes
 + Level 7.2(10.3) Maces & Flails
 + Level 0.2 Ranged Weapons
 + Level 5.3 Throwing
 + Level 10.7 Armour
 + Level 4.5 Dodging
 + Level 1.3 Stealth
 + Level 6.2 Shields


You had 10 spell levels left.
You didn't know any spells.
Your spell library contained the following spells:

 Spells                   Type           Power      Damage    Failure   Level
 Apportation              Tloc           0%         N/A       90%         1
 Necrotise                Necr           0%         1d4       90%         1
 Sting                    Conj/Alch      0%         1d3       90%         1
 Summon Small Mammal      Summ           0%         N/A       90%         1
 Call Canine Familiar     Summ           0%         N/A       99%         3
 Fugue of the Fallen      Necr           0%         N/A       99%         3
 Ozocubu's Armour         Ice            0%         N/A       99%         3
 Sigil of Binding         Hex            0%         N/A       99%         3
 Dimensional Bullseye     Hex/Tloc       0%         N/A       100%        4
 Manifold Assault         Tloc           0%         N/A       100%        4


Dungeon Overview and Level Annotations

Branches:
Dungeon (10/15)            Temple (1/1) D:7            Lair (0/5) D:10
    Orc (0/2) D:9          Bailey (1/1)

Altars:
Ashenzari
Cheibriados
Dithmenos
Elyvilon
Fedhas
Gozag
Hepliaklqana
Kikubaaqudgha
Makhleb
Nemelex Xobeh
Okawaru
Qazlal
Ru
Sif Muna
Trog
Uskayaw
Vehumet
Wu Jian
Xom
Yredelemnul
Zin
The Shining One

Shops:
D:2 (   D:6 *   D:7 !

Annotations:
D:8 3 runed translucent doors, SageDae's ghost, novice CoWr


Innate Abilities, Weirdness & Mutations

You have a pair of horns on your head.
You reflexively headbutt those who attack you in melee.


Message History

There is an open gate here.
D - a potion of experience You open the door. 2 orc knights come into view.
The orc knight shouts! x2
Found a manual of Fighting and a runed triple crossbow.
The orc knight hits you but does no damage.
The orc knight closely misses you.
There is an open door here.
You slash the orc knight!
The orc knight is moderately wounded.
The orc knight barely misses you. The orc knight closely misses you.
You slash the orc knight!
The orc knight is moderately wounded.
The orc knight hits you with a +0 trident.
The orc knight hits you but does no damage.
You slash the orc knight! You headbutt the orc knight!
The orc knight is severely wounded.
The orc knight roars a battlecry!
The orc knight goes into a battle-frenzy!
The orc knight roars a battlecry!
The orc knight goes into a battle-frenzy!
You slice the orc knight!!
You kill the orc knight!
The orc knight hits you from afar with a +0 glaive!
The orc knight hits you with a +0 glaive!!
Things that are here:
8 gold pieces; a +0 trident; a +0 chain mail You slice the orc knight!!
The orc knight is heavily wounded.
The orc knight hits you with a +0 glaive!!
You slice the orc knight!!
The orc knight is severely wounded.
The orc knight hits you with a +0 glaive!!
* * * LOW HITPOINT WARNING * * *
You barely miss the orc knight.
The orc knight is severely wounded.
The orc knight hits you with a +0 glaive!!
You die...
Your body crumbles into a pile of gold.

..≈#..)).....................#≈..
..≈##.∩#≈...............≈#∩.##≈..
..≈≈#.##≈....#######....≈##.#≈≈..
...≈≈.≈≈≈...##....##....≈≈≈.≈≈...
...........##.....##.......))....
..........##..#'''##.......).....
..........#..##∩.∩##..##.....)...
.........##.####'####.##.........
.........##.'.#.@.#)'.##.........
.........##.###.ßo###.##.........
.........##.')#).:#)'.##.........
.........##.#########.##.........
..........#..##)#)##..#..........
..........##..#'#'#..##..........
...........##.......##...........
...≈≈.≈≈≈...#########...≈≈≈.≈≈...
..≈≈#.##≈......###......≈##.#≈≈..


You could see an orc knight (strong).

Vanquished Creatures
  An orc knight (Bailey)
  2 kobold demonologists (D:10)
  A komodo dragon (D:10)
  Sigmund (D:2)
  A shadow (D:9)
  9 yaks
  3 steam dragons
  A water moccasin (D:5)
  15 orc warriors
  An ice beast (D:7)
  3 ogres
  A sky beast (D:8)
  5 centaurs
  2 phantoms
  4 kobold brigands
  2 bullfrogs
  2 scorpions (D:6)
  16 wights
  2 troll zombies (D:9)
  23 killer bees
  3 howler monkeys
  2 bombardier beetles
  3 hounds
  3 jellies
  10 orc priests
  2 gnoll boudas
  Terence (D:3)
  5 iguanas
  11 orc wizards
  6 ogre zombies (D:9)
  11 gnolls
  2 adders
  A white imp (D:6)
  2 dart slugs
  3 ribbon worms
  45 orcs
  6 endoplasms
  2 giant cockroaches
  6 gnoll zombies (D:9)
  12 goblins
  8 hobgoblins
  11 jackals
  16 kobolds
  2 quokkas
  9 ball pythons
  3 bats
  7 frilled lizards
  2 gnoll skeletons (D:9)
  5 orc skeletons (D:9)
  12 orc zombies (D:9)
  3 rats
309 creatures vanquished.

Notes
Turn   | Place    | Note
-------+----------+-------------------------------------------
     0 | D:1      | Fodor the Minotaur Fighter began the quest for the Orb.
     0 | D:1      | Reached XP level 1. HP: 19/19 MP: 0/0
   197 | D:1      | Reached XP level 2. HP: 23/27 MP: 1/1
   719 | D:2      | Reached XP level 3. HP: 33/33 MP: 2/2
   837 | D:2      | Found Entixzostryph's Weapon Shoppe.
   977 | D:2      | Noticed Sigmund
  1012 | D:3      | Reached skill level 1 in Throwing
  1103 | D:2      | Killed Sigmund
  1104 | D:2      | Reached skill level 4 in Axes
  1104 | D:2      | Reached skill level 1 in Dodging
  1104 | D:2      | Reached XP level 4. HP: 28/41 MP: 3/3
  1104 | D:2      | Reached XP level 5. HP: 32/47 MP: 4/4
  1332 | D:2      | Found a faded altar of an unknown god.
  1575 | D:2      | Found an ornate altar of the Wu Jian Council.
  1868 | D:3      | Noticed Terence
  1873 | D:3      | Killed Terence
  2506 | D:4      | Noticed a phantom
  2516 | D:4      | Killed a phantom
  2517 | D:4      | Reached XP level 6. HP: 53/53 MP: 5/5
  2546 | D:4      | Reached skill level 5 in Armour
  2672 | D:4      | Reached skill level 5 in Axes
  2912 | D:4      | Reached skill level 5 in Fighting
  2912 | D:4      | Reached XP level 7. HP: 35/61 MP: 6/6
  3269 | D:4      | Reached skill level 6 in Axes
  3408 | D:5      | Entered Level 5 of the Dungeon
  3801 | D:5      | Reached XP level 8. HP: 54/69 MP: 7/7
  3894 | D:5      | Reached skill level 7 in Axes
  4385 | D:6      | Reached skill level 5 in Shields
  4389 | D:6      | Found Locomm's Assorted Antiques.
  4554 | D:6      | Reached skill level 8 in Axes
  5182 | D:6      | Reached skill level 9 in Axes
  5182 | D:6      | Reached XP level 9. HP: 78/78 MP: 8/8
  6147 | D:7      | Found a staircase to the Ecumenical Temple.
  6158 | Temple   | Entered the Ecumenical Temple
  6182 | Temple   | Became a worshipper of Gozag Ym Sagoz the Greedy
  6416 | D:7      | Found Miyng's Distillery.
  6430 | D:7      | Bought a potion of curing for 33 gold pieces
  6430 | D:7      | Bought a potion of haste for 110 gold pieces
  6430 | D:7      | Bought a potion of curing for 33 gold pieces
  6907 | D:8      | Reached skill level 10 in Axes
  7117 | D:8      | Found a runed translucent gate.
  7118 | D:8      | Found a runed translucent gate.
  7120 | D:8      | Found a runed translucent gate.
  7121 | D:8      | Noticed SageDae's ghost (novice CoWr)
  7276 | D:8      | Reached skill level 1 in Maces & Flails
  7337 | D:8      | Found a sparkling altar of Nemelex Xobeh.
  7337 | D:8      | Found a shimmering blue altar of Sif Muna.
  7338 | D:8      | Found a broken altar of Ashenzari.
  7338 | D:8      | Found a snail-covered altar of Cheibriados.
  7502 | D:8      | Reached XP level 10. HP: 67/85 MP: 9/9
  8569 | D:9      | Found a staircase to the Orcish Mines.
  8582 | D:9      | Reached skill level 5 in Maces & Flails
  8626 | D:9      | Reached skill level 10 in Armour
  9022 | D:9      | Reached skill level 1 in Stealth
  9500 | D:10     | Entered Level 10 of the Dungeon
  9544 | D:10     | Reached skill level 5 in Throwing
  9730 | D:10     | Noticed a sun demon
  9741 | D:10     | Reached XP level 11. HP: 45/95 MP: 10/10
 10061 | D:10     | Found a staircase to the Lair.
 10062 | D:10     | Upgraded the game from 0.32-a0-779-g362cfcae2a to
                  | 0.32-a0-791-gfc315c9ecd
 10186 | D:10     | Found a flagged portal.
 10213 | Bailey   | Entered a bailey
 10501 | Bailey   | Reached skill level 11 in Axes
 10814 | Bailey   | Noticed an orc knight
 10814 | Bailey   | Noticed an orc knight
 10819 | Bailey   | Killed an orc knight
 10823 | Bailey   | Demolished by an orc knight

Illustrated notes

Levels and vault maps discovered:
D:1:      scummos_arrival_forest, layout_loops_ring
D:2:      layout_loops_ring, dreamdust_ecumenical_altar_hidden_monk_grotto,
          basic_altar, serial_shops, shop, minmay_pentomino_x2, uniq_sigmund
D:3:      layout_basic, grunt_ministairs_7, uniq_terence
D:4:      layout_basic, serial_glass, glass_columns_b, glass_columns_c,
          feat_on_display, feat_on_display, minivault_14, kennysheep_potato
D:5:      kennysheep_spiral_hall, layout_cave_pools, nicolae_titane
D:6:      layout_basic, serial_shops, shop
D:7:      layout_loops_ring, minmay_temple_entry_large_hall, serial_shops, shop,
          chequers_avenue
D:8:      layout_loops_ring, chequers_temple_overflow_statue_of_worship,
          gammafunk_ghost_spectres, minmay_misc_feat_cross, grunt_ministairs_14,
          minmay_misc_feat_x
D:9:      layout_loops_corners, zombieorc2_lemuel
D:10:     layout_loops_corners, david_lair_shrubbed,
          nicolae_trove_entry_diagonal, enter_bailey_5
Temple:   compressed_dpeg_circular_temple
Bailey:   bailey_polearm_2, bailey

Skill      XL: |  1  2  3  4  5  6  7  8  9 10 11 |
---------------+----------------------------------+-----
Fighting       | 4 5 6 7 8 9 |  9.1
Shields        | 4 5 6 |  6.2
Throwing       | 2 3 4 5 |  5.3
Axes           | 4 5 6 9 10 11 | 11.4
Armour         | 4 5 6 7 9 10 | 10.7
Dodging        | 1 2 3 4 |  4.5
Maces & Flails | 2 7 |  7.2
Stealth        | 1 |  1.3
Ranged Weapons | |  0.2

Action                     |  1- 3 |  4- 6 |  7- 9 | 10-12 || total
---------------------------+-------+-------+-------+-------++-------
  Melee: War axe           |    75 |    72 |   276 |       ||   423
         Headbutt          |     9 |    15 |    50 |    51 ||   125
         Morningstar       |       |       |    62 |   138 ||   200
         Battleaxe         |       |       |       |   171 ||   171
   Fire: Arbalest          |       |       |       |     5 ||     5
  Throw: Boomerang         |    18 |     5 |    28 |    44 ||    95
  Evoke: Wand              |       |       |       |     1 ||     1
    Use: Potion            |       |     2 |     3 |     8 ||    13
         Scroll            |       |       |    16 |     5 ||    21
   Stab: Distracted        |       |       |       |     2 ||     2
 Armour: Scale mail        |    54 |       |       |       ||    54
         Chain mail        |    34 |    67 |   382 |   351 ||   834
  Dodge: Dodged            |    29 |    40 |   177 |   211 ||   457
  Block: Buckler           |    17 |    23 |    66 |       ||   106

Table legend: (Time is in decaauts)
 A = Elapsed time spent in this place.
 B = Non-inter-level travel time spent in this place.
 C = Inter-level travel time spent in this place.
 D = Time resting spent in this place.
 E = Time spent auto-exploring this place.
 F = Levels seen in this place.
 G = Mean time per level.
                   A        B        C        D        E       F      G
               +--------+--------+--------+--------+--------+-----+--------+
         Total |  10961 |  10786 |    175 |    527 |   6959 |  12 |  913.4 |
       Dungeon |  10289 |  10114 |    175 |    498 |   6595 |  10 | 1028.9 |
        Temple |     50 |     50 |      0 |      0 |      0 |   1 |   50.0 |
        Bailey |    620 |    620 |      0 |     29 |    364 |   1 |  620.0 |
               +--------+--------+--------+--------+--------+-----+--------+

Top non-repeatable levels by time:
     D:9: 1663 daAuts
     D:6: 1235 daAuts
     D:8: 1225 daAuts
     D:7: 1048 daAuts
     D:2: 1047 daAuts
     D:4: 948 daAuts
     D:5: 937 daAuts
     D:3: 786 daAuts
    D:10: 706 daAuts
     D:1: 691 daAuts
  Bailey: 620 daAuts
  Temple: 50 daAuts
